 Dungeon Crawl Stone Soup version 0.31.0-11-ge490571c62 (webtiles) character file.

Game seed: 2088833037248895830

373855 Strat the Sorcerer (level 22, -8/217 (257) HPs)
             Began as an Oni Summoner on Jan 25, 2024.
             Was the Champion of Ashenzari.
             Killed from afar by a Tzitzimitl (15 damage)
             ... with a bolt of negative energy
             ... called by a doom hound
             ... on level 3 of the Depths on Jan 26, 2024.
             The game lasted 04:04:24 (67206 turns).

Strat the Sorcerer (Oni Summoner)                  Turns: 67206, Time: 04:04:25

HP:   -8/217 (257)  AC: 29    Str: 18    XL:     22   Next: 73%
MP:   25/49         EV: 13    Int: 31    God:    Ashenzari [******]
Gold: 1957          SH: 13    Dex: 14    Spells: 14/67 levels left

rFire   . . .        a - +9 demon trident "Shackled Together" {drain, Cun, Elem} (curse)
rCold   . . .        Y - +1 kite shield of Ashenzari's Comet {AC+3, Range, Bglg} (curse)
rNeg    + . .        M - +5 pearl dragon scales of the Sibylline Heavens {rN+, Comp, Melee} (curse)
rPois   +            J - +1 hat of Star-Bound Wisdom {Int+7 Slay+3, Elem, Comp} (curse)
rElec   .            x - +2 cloak of the Elysian Seer {Cun, Comp} (curse)
rCorr   .            (gloves unavailable)
SInv    +            (boots unavailable)
Will    ++...        I - amulet of the Shackled Firmament {RegenMP ^Fragile Dex+5 SInv, Cun, Self} (curse)
Stlth   +            h - ring of the Eternal Sun {rPois, Fort, Dev} (curse)
HPRegen 0.56/turn    k - ring of Ashenzari's Stars {EV+5, Melee, Fort} (curse)
MPRegen 0.71/turn

%: clarity
@: contaminated, glowing, heavily drained
A: large, unfitting armour, horns 1, tough skin 1, double potion healing,
drunken brawling, subdued magic 1
}: 2/15 runes: decaying, serpentine
a: Renounce Religion, Shatter the Chains


You were on level 3 of the Depths.
You worshipped Ashenzari.
Ashenzari was exalted by your worship.
You visited 7 branches of the dungeon, and saw 37 of its levels.
You visited 1 bazaar.
You visited 1 ziggurat, and saw 5 of its levels.
You also visited: Gauntlet.

You collected 5217 gold pieces.
You spent 3260 gold pieces at shops.

Inventory:

Hand Weapons
 a - the cursed +9 demon trident "Shackled Together" (weapon) {drain, Cun, Elem}
   (You took it off Margery on level 2 of the Vaults)

   It has a curse which improves the following skills: Cunning: Dodging and
   Stealth.
   Elements:  Fire Magic, Ice Magic, Air Magic and Earth Magic.
Missiles
 c - 2 silver javelins
 e - 8 javelins
 p - 21 boomerangs
 Q - 55 large rocks (quivered)
 V - 4 curare-tipped darts
 W - 2 throwing nets
Armour
 x - the cursed +2 cloak of the Elysian Seer (worn) {Cun, Comp}
   (You took it off Crazy Yiuf on level 3 of the Dungeon)

   It has a curse which improves the following skills: Cunning: Dodging and
   Stealth.
   Companions: Summonings and Necromancy.
 J - the cursed +1 hat of Star-Bound Wisdom (worn) {Int+7 Slay+3, Elem, Comp}
   (You acquired it on level 2 of the Depths)

   Int+7:     It affects your intelligence (+7).
   Slay+3:    It affects your accuracy & damage with ranged weapons and melee
   (+3).
   It has a curse which improves the following skills: Elements: Fire Magic, Ice
   Magic, Air Magic and Earth Magic.
   Companions: Summonings and Necromancy.
 M - the cursed +5 pearl dragon scales of the Sibylline Heavens (worn) {rN+, Comp, Melee}
   (You bought it in a shop on level 14 of the Dungeon)

   rN+:       It protects you from negative energy.
   It has a curse which improves the following skills: Companions: Summonings
   and Necromancy.
   Melee Combat: Short Blades, Long Blades, Axes, Maces & Flails, Polearms,
   Staves and Unarmed Combat.
 Y - the cursed +1 kite shield of Ashenzari's Comet (worn) {AC+3, Range, Bglg}
   (You took it off a naga warrior on level 3 of the Snake Pit)

   It has a curse which improves the following skills: Ranged Combat: Ranged
   Weapons and Throwing.
   Beguiling: Hexes and Translocations.
Magical Staves
 b - the staff of the Jolly Teeth {rPois rF+ rCorr SInv Air Alchemy}
   (You found it on level 2 of the Depths)

   [staff of alchemy]

   Base accuracy: +5 Base damage: 5 Base attack delay: 1.2 This weapon's minimum
   attack delay (0.6) is reached at skill level 12.
   rF+:       It protects you from fire.
   rPois:     It protects you from poison SInv: It lets you see invisible.
   rCorr:     It protects you from acid and corrosion.
   Air:       It increases the power of your Air spells.
   Alchemy:   It increases the power of your Alchemy spells.
   It falls into the 'Staves' category.
   It is a one-handed weapon.
Jewellery
 h - the cursed ring of the Eternal Sun (left hand) {rPois, Fort, Dev}
   (You bought it in a shop on level 2 of the Orcish Mines)

   [ring of poison resistance]

   rPois:     It protects you from poison It has a curse which improves the
   following skills: Fortitude: Armour and Shields.
   Devices:   Evocations and Shapeshifting.
 k - the cursed ring of Ashenzari's Stars (right hand) {EV+5, Melee, Fort}
   (You found it on level 5 of the Dungeon)

   [ring of evasion]

   EV+5:      It affects your evasion (+5).
   It has a curse which improves the following skills: Melee Combat: Short
   Blades, Long Blades, Axes, Maces & Flails, Polearms, Staves and Unarmed
   Combat.
   Fortitude: Armour and Shields.
 l - a ring of protection from fire
 r - a ring of wizardry
 H - a ring of resist corrosion
 I - the cursed amulet of the Shackled Firmament (around neck) {RegenMP ^Fragile Dex+5 SInv, Cun, Self}
   (You found it on level 3 of the Lair of Beasts)

   [amulet of magic regeneration]

   RegenMP:   It increases your rate of magic regeneration.
   Dex+5:     It affects your dexterity (+5).
   SInv:      It lets you see invisible.
   ^Fragile:  It will be destroyed if unequipped.
   It has a curse which improves the following skills: Cunning: Dodging and
   Stealth.
   Introspection: Fighting and Spellcasting.
 S - a ring of flight
 X - the ring "Jyttaupn" {rElec rF+ MP-9 Str+6}
   (You found it on level 4 of the Swamp)

   [ring of strength]

   Str+6:     It affects your strength (+6).
   rF+:       It protects you from fire.
   rElec:     It insulates you from electricity.
   MP-9:      It affects your magic capacity (-9).
Wands
 f - a wand of roots (34)
 n - a wand of polymorph (9)
 w - a wand of flame (50)
 z - a wand of charming (44)
 K - a wand of mindburst (7)
 N - a wand of digging (4)
 T - a wand of quicksilver (2)
Scrolls
 d - 2 scrolls of silence
 o - 4 scrolls of poison
 t - 6 scrolls of fog
 u - 5 scrolls of amnesia
 D - 4 scrolls of revelation
 F - 4 scrolls of immolation
 G - 6 scrolls of enchant armour
 L - a scroll of vulnerability
 P - 7 scrolls of enchant weapon
Potions
 g - 2 potions of magic
 j - 8 potions of brilliance
 m - 3 potions of haste
 q - 2 potions of cancellation
 s - a potion of curing
 v - 2 potions of ambrosia
 A - 2 potions of might
 B - 8 potions of enlightenment
 C - 4 potions of lignification
 E - 8 potions of attraction
 U - 2 potions of mutation
Miscellaneous
 i - a lightning rod (4/4)


   Skills:
 + Level 20.2(22.4) Fighting
 - Level 11.9(15.4) Polearms
 - Level 13.9(16.3) Throwing
 - Level 8.4(12.1) Armour
 - Level 1.7(4.8) Dodging
 - Level 1.4(4.3) Stealth
 + Level 8.9(12.5) Shields
 + Level 21.2(23.3) Spellcasting
 - Level 10.0 Conjurations
 + Level 15.0(19.7) Summonings
 - Level 7.4(10.0) Translocations
 - Level 10.4 Alchemy
 - Level 4.9(7.3) Evocations


You had 14 spell levels left.
You knew the following spells:

 Your Spells              Type           Power      Damage    Failure   Level
a - Summon Small Mammal   Summ           100%       N/A       0%          1
b - Call Imp              Summ           100%       N/A       0%          2
c - Call Canine Familiar  Summ           89%        N/A       0%          3
d - Summon Blazeheart Go  Fire/Summ      66%        N/A       1%          4
e - Summon Cactus Giant   Summ           44%        N/A       1%          6
f - Summon Lightning Spi  Summ/Air       66%        N/A       1%          4
g - Martyr's Knell        Necr/Summ      66%        N/A       1%          4
h - Sublimation of Blood  Necr           31%        N/A       3%          2
i - Stone Arrow           Conj/Erth      100%       3d13      1%          3
j - Irradiate             Conj/Alch      33%        3d22      1%          5
k - Olgreb's Toxic Radia  Alch           67%        N/A       1%          4
l - Malign Gateway        Summ/Tloc      39%        N/A       7%          7
m - Summon Horrible Thin  Summ           44%        N/A       7%          8

Your spell library contained the following spells:

 Spells                   Type           Power      Damage    Failure   Level
 Foxfire                  Conj/Fire      100%       2x1d9     1%          1
 Sting                    Conj/Alch      100%       1d9       1%          1
 Blink                    Tloc           100%       N/A       1%          2
 Cigotuvi's Dreadful Rot  Necr/Alch/Air  92%        N/A       1%          2
 Lesser Beckoning         Tloc           100%       N/A       1%          2
 Mercury Vapours          Alch/Air       100%       N/A       1%          2
 Momentum Strike          Conj/Tloc      100%       3d10      1%          2
 Static Discharge         Conj/Air       100%       3-8/arc   1%          2
 Dazzling Flash           Conj/Hex       100%       N/A       1%          3
 Hailstorm                Conj/Ice       52%        3d10      1%          3
 Summon Ice Beast         Ice/Summ       66%        N/A       1%          3
 Volatile Blastmotes      Fire/Tloc      100%       2d18      1%          3
 Animate Armour           Summ/Erth      100%       N/A       1%          4
 Slow                     Hex            100%       N/A       3%          1
 Flame Wave               Conj/Fire      52%        2d13      3%          4
 Ignite Poison            Fire/Alch      52%        N/A       3%          4
 Leda's Liquefaction      Alch/Erth      26%        N/A       3%          4
 Petrify                  Alch/Erth      52%        N/A       3%          4
 Sticky Flame             Fire/Alch      52%        2d9       3%          4
 Vhi's Electric Charge    Tloc/Air       100%       N/A       3%          4
 Scorch                   Fire           60%        2d7       4%          2
 Eringya's Noxious Bog    Alch           33%        4d6       8%          6
 Inner Flame              Hex/Fire       29%        N/A       9%          3
 Ozocubu's Armour         Ice            30%        N/A       9%          3
 Arcjolt                  Conj/Air       26%        1d36      12%         5
 Animate Dead             Necr           31%        N/A       28%         4
 Dispel Undead            Necr           31%        3d14      28%         4
 Airstrike                Air            15%        2d(3-19)  30%         4
 Cause Fear               Hex            14%        N/A       32%         4
 Haunt                    Necr/Summ      33%        N/A       45%         7
 Sculpt Simulacrum        Ice/Alch       26%        N/A       54%         6
 Bombard                  Conj/Erth      26%        9d5       56%         6
 Conjure Ball Lightning   Conj/Air       26%        3x3d7     56%         6
 Starburst                Conj/Fire      26%        6d8       56%         6
 Lee's Rapid Deconstruct  Erth           15%        3d10*     65%         5
 Metabolic Englaciation   Hex/Ice        14%        N/A       67%         5
 Death Channel            Necr           15%        N/A       99%         6
 Plasma Beam              Fire/Air       15%        2x1d26    99%         6
 Disjunction              Tloc           33%        N/A       99%         8
 Discord                  Hex            14%        N/A       100%        8
 Ignition                 Fire           15%        3d6       100%        8
 Infestation              Necr           15%        N/A       100%        8
 Lehudib's Crystal Spear  Conj/Erth      26%        10d7      100%        8
 Maxwell's Capacitive Co  Air            15%        ∞         100%        8
 Fire Storm               Conj/Fire      26%        8d7       100%        9


Dungeon Overview and Level Annotations

Branches:
Dungeon (15/15)            Temple (0/1) D:7            Lair (5/5) D:9
  Swamp (4/4) Lair:3        Snake (4/4) Lair:3        Slime (0/5) Lair:5
    Orc (2/2) D:11            Elf (0/3) Orc:2        Vaults (4/5) D:13
  Crypt (0/3) Vaults:2     Depths (3/4) D:15        Gauntlet (visited)

Altars:
Ashenzari
Fedhas
Kikubaaqudgha
Nemelex Xobeh
Sif Muna
Wu Jian
Xom
Yredelemnul
The Shining One
Jiyva
Lugonu

Shops:
D:7 *   D:14 [   D:15 [   Orc:2 =*([   Snake:2 *([(   Snake:4 [   Vaults:1 [

Portals:
Hell: Depths:1 Depths:2
Abyss: Depths:1 Depths:3
Pandemonium: Depths:2 Depths:3

Annotations:
D:15 2 runed translucent doors, croobank's ghost, journeyman FeSu
Swamp:1 3 runed translucent doors, Iffuusoj's ghost, adept MiBe; Ypsiuj's ghost, adept GnSk
Swamp:2 3 runed translucent doors, DocClef's ghost, adept GnFi; mdonais's ghost, adept NaSh; redpenguiin's ghost, adept TrFi
Swamp:3 Roxanne
Vaults:2 1 transporter
Vaults:3 Xtahua
Depths:1 3 runed translucent doors
Depths:3 2 transporters, Ubraesch's ghost, adept TrMo


Innate Abilities, Weirdness & Mutations

You are too large for most types of armour.
You have a pair of small horns on your head.
You have tough skin. (AC +1)
You gain doubled healing and magic from potions.
Whenever you drink a healing potion, you attack all around you.
Your spells are a little easier to cast, but a little less powerful.


Message History

* * * LOW HITPOINT WARNING * * *
Your cactus giant hits the tormentor with a +0 giant spiked club!
The tormentor dies!
The Tzitzimitl calls on the powers of darkness!
Your body is wracked with pain!
* * * LOW HITPOINT WARNING * * *
The Tzitzimitl gestures at you.
The bolt of negative energy hits the Tzitzimitl.
The Tzitzimitl completely resists.
The bolt of negative energy hits you. You partially resist.
You feel drained.
* * * LOW HITPOINT WARNING * * *
The Tzitzimitl is struck by your cactus giant's spines.
The Tzitzimitl engulfs your cactus giant!
The Tzitzimitl drains your cactus giant's vigour!
Your cactus giant seems to slow down.
The Tzitzimitl bites your cactus giant!!
Okay, then.
You take a swig of the potion and twirl the cursed +9 demon trident "Shackled Together" {drain, Cun, Elem}.
You puncture the Tzitzimitl!
The Tzitzimitl is moderately wounded.
You completely miss the Tzitzimitl.
The Tzitzimitl is heavily wounded.
You savour every drop.
You feel better. The Tzitzimitl gestures at you.
The bolt of negative energy hits you! You partially resist.
You feel drained.
* * * LOW HITPOINT WARNING * * *
Your cactus giant closely misses the Tzitzimitl.
You feel less contaminated with magical energies.
Okay, then.
Okay, then.
Casting: Summon Cactus Giant (mildly dangerous; 1% risk of failure)
Confirm with . or Enter, or press ? or * to list all spells.
You erupt in a fountain of uncontrolled magic!
The Tzitzimitl is blasted with magical radiation!!!
The Tzitzimitl is severely wounded.
You are contaminated with residual magic.
You feel yourself speed up. The Tzitzimitl gestures at you.
The bolt of negative energy hits you! You partially resist.
You feel drained.
You die...

.........#.......≈≈.##..##,,..,**
.........#.......≈~##.{##*,,...**
.........#.......~≈#..##**,,...#
##...#####.##.[11≈≈#h#*∆∆*{,⌠..#
#...# #...#....≈≈#.*∆∆∆',,...#
##...# #...#.###≈≈#.*∆∆∆*,,,,,*
...######......C#≈≈#,*******'****
...##.<#.[....#1#~≈#,,***,,',',,*
...#...#[.....#1@≈~##,,*****{****
...#..##......#..≈≈.##,,***∆_∆***
....###....####..≈≈..##,,***####.
.........###..#..≈≈...##,',,...'.
.⌠......##.......≈≈≈...##*,,...*#
.........##...##..≈~≈...####'####
....###...##...#...≈≈≈≈≈~≈≈≈~≈≈≈~
...#..##.∩.....#.8..≈≈≈≈≈~≈≈~≈≈~≈
...#...#####...#...#.#.#....#####


You could see 2 Tzitzimimeh and a friendly cactus giant (summoned, slow).

Vanquished Creatures
  A dread lich (Vaults:4)
  Bai Suzhen (Snake:4)
  Margery (Vaults:2)
  A doom hound (Depths:3)
  2 liches
  A sphinx (Vaults:4)
  A titan (Vaults:4)
  An azure jelly (Zig:5)
  A nagaraja (Snake:4)
  Donald (Vaults:2)
  2 fire giants (Depths:2)
  A deep elf sorcerer (Vaults:2)
  A frost giant (Depths:2)
  2 draconian scorchers (Zig:2)
  2 spectral juggernauts (Depths:3)
  7 vault wardens
  A very ugly thing (Depths:2)
  A ghost moth (Zig:3)
  15 ironbound preservers
  3 ironbound thunderhulks
  2 quicksilver oozes (Zig:5)
  2 formless jellyfish
  A vampire knight (Depths:3)
  5 stone giants
  5 dire elephants
  A deep elf death mage (Depths:3)
  3 bunyips
  2 eleionomae (Swamp:4)
  A crystal guardian (Vaults:4)
  The ghost of Taul the Fighter, a journeyman OnFi of Cheibriados (D:10)
  An eidolon (Depths:3)
  4 ettins
  A shambling mangrove (Swamp:2)
  2 jiangshi (Depths:3)
  4 fire dragons
  2 deep elf high priests (Vaults:2)
  3 great orbs of eyes
  An entropy weaver (Zig:3)
  5 yaktaur captains
  2 peacekeepers
  4 ice dragons
  A juggernaut simulacrum (Depths:3)
  A caustic shrike simulacrum (Depths:3)
  2 rakshasas
  A ghost crab (Swamp:2)
  A spectral fire giant (Depths:3)
  3 vault guards
  2 ironbound frosthearts
  6 centaur warriors
  A catoblepas (Lair:3)
  A boulder beetle (Vaults:3)
  A sphinx zombie (Depths:3)
  2 spriggan air magi
  A deep troll shaman (Depths:3)
  6 anacondas
  A deep troll earth mage (Depths:2)
  3 vampire magi (Depths:3)
  2 naga warriors
  An orc high priest (Orc:2)
  2 death yaks (Lair:5)
  A tengu warrior (Depths:2)
  5 shock serpents
  A spriggan berserker (Depths:3)
  6 naga sharpshooters
  A hell knight (Vaults:2)
  A soul eater (Depths:2)
  2 shadow wraiths (Depths:3)
  2 goliath frogs (Swamp:1)
  A bog body (Swamp:1)
  4 arcanists
  33 deep trolls
  2 flayed ghosts (Depths:3)
  2 mana vipers (Snake:1)
  3 spriggan druids
  8 ironbound convokers
  2 swamp dragons (Swamp:3)
  2 phantasmal warriors (Depths:3)
  2 harpies (Vaults:2)
  2 lindwurms
  3 necromancers
  16 ugly things
  A tengu skeleton (Depths:3)
  A stone giant zombie (Vaults:3)
  A spectral centaur (D:10)
  2 centaur zombies (D:14)
  A salamander (Snake:3)
  A cyclops (Zig:4)
  2 will-o-the-wisps
  An elephant (Lair:4)
  8 black mambas
  A kobold blastminer (Orc:1)
  A torpor snail (Lair:4)
  4 cane toads (Lair:5)
  9 vault sentinels
  3 komodo dragons
  A rime drake (Lair:4)
  A spectral glowing shapeshifter (Depths:3)
  A kobold demonologist (D:13)
  14 yaktaurs
  4 freezing wraiths (Depths:3)
  An elf skeleton (Vaults:3)
  A spark wasp simulacrum (Depths:3)
  3 tengu conjurers
  A tormentor (Depths:3)
  A tyrant leech (Swamp:3)
  A troll (D:9)
  A polar bear (Lair:5)
  3 hornets
  A tengu simulacrum (Depths:3)
  2 glass eyes
  7 blink frogs
  A spectral meliai (D:10)
  A centaur simulacrum (D:10)
  A culicivora (Zig:3)
  7 slime creatures
  A shadow (D:12)
  11 yaks
  A wraith (D:12)
  2 fire bats (Depths:1)
  6 vampire mosquitoes
  A yaktaur simulacrum (Vaults:3)
  8 nagas
  7 swamp worms
  5 water moccasins
  A hydra simulacrum (Swamp:4)
  A glowing shapeshifter skeleton (Depths:3)
  3 orc warriors
  7 nameless horrors
  4 laughing skulls
  A black bear (D:7)
  An ogre (shapeshifter) (D:14)
  An ogre (D:6)
  2 boggarts (Vaults:2)
  5 centaurs
  A phantom (D:5)
  2 bullfrogs
  A killer bee (D:10)
  A jelly (D:6)
  A hound (D:7)
  3 orc priests
  Crazy Yiuf (D:3)
  An iguana (D:5)
  6 orc wizards
  3 gnolls
  A shadow imp (D:7)
  2 dart slugs
  9 orcs
  2 endoplasms
  2 giant cockroaches (D:4)
  2 goblins
  2 hobgoblins
  A jackal (D:4)
  2 quokkas
  3 ball pythons
  3 bats
  3 frilled lizards
  5 kobolds
  2 rats
451 creatures vanquished.

Vanquished Creatures (collateral kills)
  A juggernaut (Depths:2)
  Vashnia (Snake:3)
  A bone dragon (Zig:1)
  Jorgrun (Snake:1)
  Rupert (Lair:4)
  2 liches
  A sphinx (Depths:2)
  An ancient champion (Vaults:2)
  Gastronok (Lair:3)
  A fenstrider witch (Swamp:3)
  7 nagarajas (Snake:4)
  4 fire giants (Depths:2)
  5 frost giants
  9 vault wardens
  2 spectral caustic shrikes (Depths:3)
  An orc warlord (Orc:2)
  A juggernaut zombie (Depths:3)
  4 ironbound thunderhulks
  7 ironbound preservers
  4 stone giants
  A deep elf death mage (Vaults:2)
  8 very ugly things
  An eleionoma (Lair:3)
  2 deep elf demonologists (Vaults:2)
  A bunyip (Swamp:3)
  2 war gargoyles
  11 dire elephants
  A deep elf annihilator (Vaults:2)
  A merfolk impaler (Depths:1)
  A shambling mangrove (Swamp:3)
  An ettin (Depths:3)
  Snorg (Lair:4)
  3 fire dragons
  A jiangshi (Depths:3)
  A yaktaur captain (Vaults:1)
  A spectral spriggan (Depths:3)
  Josephine (Orc:1)
  2 hell beasts (Depths:3)
  A great orb of eyes (Vaults:3)
  5 ice dragons
  7 vault guards
  A peacekeeper (Vaults:2)
  13 hydras
  9 centaur warriors
  4 ironbound frosthearts
  A caustic shrike simulacrum (Depths:3)
  6 alligators
  4 anacondas
  3 two-headed ogres
  8 boulder beetles
  2 deep troll shamans
  3 vampire magi
  4 death yaks (Lair:5)
  A satyr (Zig:4)
  17 naga sharpshooters
  An occultist (Depths:1)
  2 spriggan berserkers
  4 tengu warriors
  A storm dragon zombie (D:15)
  7 naga warriors
  A hell knight (Vaults:1)
  An orc high priest (Orc:2)
  6 shock serpents
  A fire crab (Lair:4)
  2 skysharks (Lair:5)
  28 deep trolls
  A salamander mystic (Snake:3)
  A quicksilver dragon simulacrum (Depths:3)
  4 mana vipers
  7 skeletal warriors
  A spriggan druid (Swamp:2)
  A golden dragon zombie (Depths:3)
  8 ironbound convokers
  4 goliath frogs
  6 naga ritualists
  5 arcanists
  3 bog bodies
  A steelbarb worm (Zig:3)
  6 deep elf pyromancers
  2 swamp dragons
  5 lindwurms
  5 orc knights
  3 necromancers
  3 wolf spider zombies (D:14)
  38 ugly things
  A harpy (Vaults:2)
  A tengu skeleton (Vaults:3)
  3 orc sorcerers (Orc:2)
  6 salamanders
  4 cyclopes
  A manticore (D:11)
  4 will-o-the-wisps
  21 black mambas
  11 elephants
  7 centaur zombies
  4 meliai
  A water nymph (shapeshifter) (Depths:2)
  2 guardian serpents
  An eye of devastation (Lair:5)
  18 naga magi
  2 kobold blastminers
  13 vault sentinels
  A torpor snail (Lair:3)
  18 cane toads
  A rime drake (Lair:5)
  5 komodo dragons
  16 yaktaurs
  5 freezing wraiths
  A kobold demonologist (D:11)
  4 tengu conjurers
  A tormentor (Depths:3)
  A yaktaur (shapeshifter) (Vaults:4)
  A yaktaur skeleton (Vaults:3)
  3 trolls
  A queen bee (shapeshifter) (D:14)
  5 tyrant leeches
  A glass eye (Lair:5)
  A polar bear (Lair:4)
  Grinder (D:3)
  5 hornets
  16 blink frogs
  A meliai zombie (D:14)
  3 centaur simulacra
  19 slime creatures
  A water elemental (Depths:1)
  2 vampires
  A spriggan skeleton (D:15)
  50 yaks
  6 wraiths
  8 spriggans
  3 basilisks
  A warg (Orc:2)
  2 wyverns
  5 vampire mosquitoes
  6 swamp worm simulacra (Swamp:4)
  39 nagas
  10 swamp worms
  14 water moccasins
  An acid dragon (D:9)
  14 hydra simulacra (Swamp:4)
  3 black bears
  A hornet zombie (D:14)
  A sky beast (D:7)
  2 laughing skulls
  An ice beast (D:7)
  28 orc warriors
  2 boggarts
  3 ogres
  5 centaurs
  5 wolves (Lair:3)
  8 nameless horrors
  A kobold brigand (D:10)
  13 bullfrogs
  2 scorpions
  8 wights
  4 killer bees (D:10)
  2 vampire bats (D:13)
  A howler monkey (D:6)
  An electric eel (Lair:5)
  2 bombardier beetles
  10 orc priests
  3 jellies
  6 hounds
  3 gnoll boudas
  3 iguanas
  A boggart zombie (D:14)
  14 orc wizards
  20 gnolls
  5 adders
  2 swamp drake simulacra (Swamp:4)
  4 dart slugs
  3 ribbon worms
  50 orcs
  4 ball pythons
  8 bats
  6 endoplasms
  4 giant cockroaches
  10 goblins
  2 hobgoblins
  13 kobolds
  2 quokkas
  4 frilled lizards (D:1)
  3 rats
988 creatures vanquished.

Vanquished Creatures (others)
  A cyclops (Zig:4)
  A swamp drake (Swamp:4)
  28 blazeheart cores
  38 foxfires
68 creatures vanquished.

Grand Total: 1507 creatures vanquished

Notes
Turn   | Place    | Note
-------+----------+-------------------------------------------
     0 | D:1      | Strat the Oni Summoner began the quest for the Orb.
     0 | D:1      | Reached XP level 1. HP: 16/16 MP: 3/3
   189 | D:1      | Reached XP level 2. HP: 21/24 MP: 1/5
   237 | D:1      | Learned a level 2 spell: Call Imp
   860 | D:1      | Reached XP level 3. HP: 31/31 MP: 2/6
   939 | D:1      | Learned a level 3 spell: Call Canine Familiar
  1674 | D:2      | Reached skill level 5 in Summonings
  1674 | D:2      | Reached XP level 4. HP: 39/39 MP: 2/7
  1898 | D:2      | Found a blossoming altar of Fedhas.
  2016 | D:2      | Reached skill level 3 in Spellcasting
  2026 | D:2      | Found a faded altar of an unknown god.
  2260 | D:2      | Reached XP level 5. HP: 45/45 MP: 6/9
  2353 | D:2      | Learned a level 4 spell: Summon Blazeheart Golem
  2542 | D:3      | Found a broken altar of Ashenzari.
  2824 | D:3      | Noticed Grinder
  2841 | D:3      | Killed Grinder
  2842 | D:3      | Reached skill level 4 in Spellcasting
  2842 | D:3      | Reached XP level 6. HP: 53/53 MP: 6/13
  2960 | D:3      | Found a runed translucent door.
  2961 | D:3      | Noticed Crazy Yiuf
  3281 | D:3      | Reached skill level 5 in Spellcasting
  3289 | D:3      | Reached XP level 7. HP: 31/59 MP: 9/14
  3488 | D:3      | Killed Crazy Yiuf
  4520 | D:4      | Reached skill level 1 in Fighting
  4594 | D:4      | Identified the +0 leather armour "Bariamic" {rPois}
  4644 | D:4      | Reached XP level 8. HP: 67/74 MP: 11/16
  4968 | D:5      | Entered Level 5 of the Dungeon
  5323 | D:5      | Reached skill level 6 in Spellcasting
  5941 | D:5      | Found a sparkling altar of Nemelex Xobeh.
  6138 | D:3      | Became a worshipper of Ashenzari the Shackled
  6377 | D:6      | Reached skill level 5 in Fighting
  6457 | D:6      | Reached skill level 7 in Spellcasting
  6457 | D:6      | Reached XP level 9. HP: 71/88 MP: 14/19
  6826 | D:6      | Learned a level 6 spell: Summon Cactus Giant
  6831 | D:6      | Learned a level 4 spell: Summon Lightning Spire
  7192 | D:6      | Found a shimmering blue altar of Sif Muna.
  7192 | D:6      | Found a shimmering altar of Xom.
  7196 | D:6      | Found an ornate altar of the Wu Jian Council.
  7200 | D:6      | Found an ancient bone altar of Kikubaaqudgha.
  7581 | D:7      | Found a staircase to the Ecumenical Temple.
  8273 | D:7      | Found a glowing golden altar of the Shining One.
  8318 | D:7      | Reached skill level 8 in Spellcasting
  8334 | D:7      | Found Ezerotwi's Neck Hole.
  8900 | D:8      | Identified the +2 scale mail of Qav Hewa {Will++ Str+3}
  9196 | D:9      | Reached skill level 10 in Summonings
  9329 | D:9      | Noticed a two-headed ogre
  9336 | D:9      | Noticed an elephant
  9336 | D:9      | Noticed a troll
  9468 | D:9      | Killed an elephant
  9469 | D:9      | Reached skill level 9 in Spellcasting
  9469 | D:9      | Reached XP level 10. HP: 100/100 MP: 13/23
  9786 | D:9      | Noticed an elephant
  9794 | D:9      | Killed an elephant
  9906 | D:9      | Found a staircase to the Lair.
 10109 | D:9      | Reached skill level 10 in Spellcasting
 10456 | D:9      | Killed a two-headed ogre
 10510 | D:10     | Entered Level 10 of the Dungeon
 10584 | D:10     | Learned a level 4 spell: Martyr's Knell
 10800 | D:10     | Reached skill level 10 in Fighting
 10861 | D:10     | Noticed a two-headed ogre
 10870 | D:10     | Killed a two-headed ogre
 10871 | D:10     | Reached XP level 11. HP: 91/119 MP: 15/25
 11534 | D:10     | Found a runed translucent gate.
 11534 | D:10     | Found a runed translucent gate.
 11534 | D:10     | Found a runed translucent gate.
 11535 | D:10     | Noticed Taul's ghost (journeyman OnFi)
 11791 | D:11     | Noticed a manticore
 11800 | D:11     | Killed a manticore
 11866 | D:11     | Noticed a boulder beetle
 11879 | D:11     | Killed a boulder beetle
 12233 | D:11     | Noticed a red ugly thing
 12245 | D:11     | Killed a red ugly thing
 12530 | D:11     | Noticed a cyclops
 12554 | D:11     | Killed a cyclops
 12850 | D:11     | Noticed an orc knight
 12875 | D:11     | Killed an orc knight
 13061 | D:11     | Found a staircase to the Orcish Mines.
 13270 | D:11     | Found a gateway to a bazaar.
 13281 | Bazaar   | Entered a bazaar
 13283 | Bazaar   | Found Navaek's Distillery.
 13287 | Bazaar   | Found Wakoj's Antique Armour Boutique.
 13287 | Bazaar   | Found Seumipot's Antique Armour Boutique.
 13288 | Bazaar   | Found Ripyx's Magic Scroll Boutique.
 13303 | Bazaar   | Bought a scroll of blinking for 142 gold pieces
 13303 | Bazaar   | Bought a scroll of enchant armour for 142 gold pieces
 13303 | Bazaar   | Bought a scroll of enchant armour for 142 gold pieces
 13303 | Bazaar   | Bought 2 scrolls of enchant weapon for 285 gold pieces
 13325 | Bazaar   | Bought a potion of heal wounds for 50 gold pieces
 13325 | Bazaar   | Bought a potion of curing for 30 gold pieces
 13471 | D:12     | You fall into a shaft and drop 2 floors!
 13494 | D:14     | Noticed a brown ugly thing
 13494 | D:14     | Noticed a brown ugly thing
 13494 | D:14     | Noticed a brown ugly thing
 13494 | D:14     | Noticed a brown ugly thing
 13494 | D:14     | Noticed a brown ugly thing
 13661 | D:14     | Reached * piety under Ashenzari
 13705 | D:14     | Noticed a boulder beetle
 13758 | D:13     | Found a gate leading to a gauntlet.
 13786 | Gauntlet | Entered a Gauntlet
 13786 | Gauntlet | Noticed an arcanist
 13786 | Gauntlet | Found a transporter.
 13786 | Gauntlet | Found a transporter.
 13786 | Gauntlet | Found a transporter.
 13787 | Gauntlet | Found a transporter.
 13788 | Gauntlet | Noticed a shining eye
 13790 | Gauntlet | Found a transporter.
 13797 | Gauntlet | Noticed a white ugly thing
 13799 | Gauntlet | Noticed a glowing orange brain
 13800 | Gauntlet | Found a transporter.
 13804 | Gauntlet | Found a transporter.
 13804 | Gauntlet | Noticed a glowing orange brain
 13806 | Gauntlet | Found a large runed translucent door.
 13807 | Gauntlet | Found a large runed translucent door.
 13807 | Gauntlet | Noticed a green ugly thing
 13808 | Gauntlet | Found a large runed translucent door.
 13808 | Gauntlet | Found a large runed translucent door.
 13808 | Gauntlet | Found a runed translucent door.
 13809 | Gauntlet | Found a large runed translucent door.
 13810 | Gauntlet | Found a large runed translucent door.
 13811 | Gauntlet | Found a large runed translucent door.
 13811 | Gauntlet | Found a large runed translucent door.
 13812 | Gauntlet | Found a runed translucent gate.
 13813 | Gauntlet | Found a transporter.
 13813 | Gauntlet | Found a runed translucent gate.
 13813 | Gauntlet | Found a transporter.
 13813 | Gauntlet | Noticed an obsidian statue
 13813 | Gauntlet | Noticed a dire elephant
 13814 | Gauntlet | Found a transporter.
 13814 | Gauntlet | Found a transporter.
 13814 | Gauntlet | Identified the +1 hand axe "Zeumeol" {pain, rElec Int+2}
 13819 | Gauntlet | Found a runed translucent gate.
 13819 | Gauntlet | Found a runed translucent door.
 13825 | Gauntlet | Found a large runed translucent door.
 13825 | Gauntlet | Found a large runed translucent door.
 13825 | Gauntlet | Found a large runed translucent door.
 13825 | Gauntlet | Found a large runed translucent door.
 13826 | Gauntlet | Found a large runed translucent door.
 13827 | Gauntlet | Found a large runed translucent door.
 13851 | Gauntlet | Identified the +2 helmet of Ruonelul {rC- rN+++ rCorr
                  | Str+3}
 14027 | D:12     | Identified a scroll of acquirement
 14040 | D:12     | Noticed a boulder beetle
 14063 | D:12     | Killed a boulder beetle
 14180 | D:12     | Noticed a deep elf pyromancer
 14187 | D:12     | Killed a deep elf pyromancer
 14315 | D:12     | Noticed a green ugly thing
 14325 | D:12     | Killed a green ugly thing
 14326 | D:12     | Reached XP level 12. HP: 68/136 MP: 12/26
 14745 | D:12     | Noticed a two-headed ogre
 15187 | D:12     | Killed a two-headed ogre
 15188 | D:12     | Reached skill level 15 in Fighting
 15189 | D:12     | Acquired 1012 gold pieces
 15484 | Lair:1   | Entered Level 1 of the Lair of Beasts
 15616 | Lair:1   | Noticed a boulder beetle
 15626 | Lair:1   | Killed a boulder beetle
 16882 | Lair:2   | Identified the +1 robe "Heofojy" {Fly rCorr}
 16909 | Lair:2   | Noticed an eight-headed hydra
 16922 | Lair:2   | Killed an eight-headed hydra
 16923 | Lair:2   | Reached XP level 13. HP: 111/159 MP: 5/27
 17138 | Lair:2   | Reached skill level 1 in Throwing
 17377 | Lair:2   | Reached skill level 5 in Armour
 17972 | Lair:3   | Found a staircase to the Snake Pit.
 18208 | Lair:3   | Identified the amulet "Boawnedi" {RegenMP ^Fragile Dex+5
                  | SInv}
 18398 | Lair:3   | Noticed Gastronok
 18424 | Lair:3   | Killed Gastronok
 18542 | Lair:3   | Noticed an eleionoma
 18551 | Lair:3   | Killed an eleionoma
 18780 | Lair:3   | Found a staircase to the Swamp.
 18990 | Lair:3   | Reached skill level 11 in Spellcasting
 20054 | Lair:4   | Reached skill level 5 in Throwing
 20054 | Lair:4   | Reached XP level 14. HP: 155/172 MP: 19/29
 20186 | Lair:4   | Noticed Rupert
 20227 | Lair:4   | Killed Rupert
 20551 | Lair:4   | Noticed Snorg
 20564 | Lair:4   | Killed Snorg
 21446 | Lair:4   | Reached ** piety under Ashenzari
 21654 | Lair:5   | Entered Level 5 of the Lair of Beasts
 21766 | Lair:5   | Reached skill level 12 in Spellcasting
 22237 | Lair:5   | Identified the ring of Happiness {rPois rF- rN+ Str+5 SInv}
 22368 | Lair:5   | Reached *** piety under Ashenzari
 22531 | Lair:5   | Noticed a dire elephant
 22551 | Lair:5   | Killed a dire elephant
 22953 | Lair:5   | Identified the Compilation of Variable Accompaniment
 23090 | Lair:5   | Reached skill level 13 in Spellcasting
 23285 | Lair:5   | Found a staircase to the Slime Pits.
 23290 | Lair:5   | Found a viscous altar of Jiyva.
 23690 | Orc:1    | Entered Level 1 of the Orcish Mines
 23756 | Orc:1    | Reached XP level 15. HP: 184/189 MP: 24/34
 24081 | Orc:1    | Noticed Josephine
 24089 | Orc:1    | Killed Josephine
 24266 | Orc:2    | Entered Level 2 of the Orcish Mines
 24266 | Orc:2    | Found Pauler's Jewellery Shoppe.
 24388 | Orc:2    | Found Puasur's General Store.
 24433 | Orc:2    | Bought a scroll of teleportation for 42 gold pieces
 24433 | Orc:2    | Bought a scroll of blinking for 105 gold pieces
 24453 | Orc:2    | Found a staircase to the Elven Halls.
 24615 | Orc:2    | Found Loipt's Antique Weapon Emporium.
 24717 | Orc:2    | Noticed an orc warlord
 25157 | Orc:2    | Killed an orc warlord
 25158 | Orc:2    | Reached skill level 14 in Spellcasting
 25185 | Orc:2    | Found Jefeqykk's Antique Armour Boutique.
 25879 | Orc:2    | Bought a ring of poison resistance for 240 gold pieces
 25882 | Orc:2    | Reached **** piety under Ashenzari
 26480 | D:13     | Reached skill level 10 in Throwing
 26846 | D:13     | Found a gate to the Vaults.
 27205 | D:14     | Reached skill level 15 in Spellcasting
 27499 | D:14     | Found Heinrich's Dragon-Slaying Spoils.
 27509 | D:14     | Bought +0 pearl dragon scales for 1700 gold pieces
 27707 | D:14     | Reached skill level 16 in Spellcasting
 27774 | D:14     | Reached XP level 16. HP: 99/201 MP: 26/39
 28146 | D:14     | Found a basalt altar of Yredelemnul.
 28706 | D:14     | Upgraded the game from 0.31.0-10-gcf4a605ca0 to
                  | 0.31.0-11-ge490571c62
 28737 | D:15     | Entered Level 15 of the Dungeon
 28798 | D:15     | Reached skill level 17 in Spellcasting
 28825 | D:15     | Found Neg Tub's Antique Armour Shoppe.
 29015 | D:15     | Found a blossoming altar of Fedhas.
 29228 | D:15     | Found an ancient bone altar of Kikubaaqudgha.
 29388 | D:15     | Found a shimmering altar of Xom.
 29459 | D:15     | Found a large runed translucent door.
 29468 | D:15     | Found a large runed translucent door.
 29472 | D:15     | Noticed croobank's ghost (journeyman FeSu)
 29569 | D:15     | Found a staircase to the Depths.
 29639 | D:15     | Reached skill level 18 in Spellcasting
 29689 | D:15     | Learned a level 2 spell: Sublimation of Blood
 29886 | Swamp:1  | Entered Level 1 of the Swamp
 30164 | Orc:2    | Bought a slimy trident for 255 gold pieces
 30164 | Orc:2    | Identified the +4 trident of Day {flame, rPois} (You bought
                  | it in a shop on level 2 of the Orcish Mines)
 30430 | Swamp:1  | Found a runed translucent gate.
 30431 | Swamp:1  | Found a runed translucent gate.
 30432 | Swamp:1  | Found a runed translucent gate.
 30437 | Swamp:1  | Noticed Iffuusoj's ghost (adept MiBe)
 30437 | Swamp:1  | Noticed Ypsiuj's ghost (adept GnSk)
 30437 | Swamp:1  | Noticed Iffuusoj's ghost (adept MiBe)
 30690 | Swamp:1  | Learned a level 3 spell: Stone Arrow
 30696 | Swamp:1  | Learned a level 5 spell: Irradiate
 30742 | Swamp:1  | Reached skill level 1 in Conjurations
 31692 | Swamp:2  | Reached skill level 5 in Conjurations
 32604 | Swamp:2  | Reached skill level 1 in Polearms
 32698 | Swamp:2  | Found a runed translucent gate.
 32707 | Swamp:2  | Reached skill level 1 in Alchemy
 32721 | Swamp:2  | Found a runed translucent gate.
 32757 | Swamp:2  | Found a runed translucent gate.
 32800 | Swamp:2  | Noticed DocClef's ghost (adept GnFi)
 32800 | Swamp:2  | Noticed redpenguiin's ghost (adept TrFi)
 32800 | Swamp:2  | Noticed mdonais's ghost (adept NaSh)
 33102 | Swamp:3  | Noticed a fenstrider witch
 33113 | Swamp:3  | Killed a fenstrider witch
 33114 | Swamp:3  | Reached XP level 17. HP: 184/210 MP: 29/41
 33346 | Swamp:3  | Noticed Roxanne
 33760 | Swamp:4  | Entered Level 4 of the Swamp
 34144 | Swamp:4  | Identified the ring "Jyttaupn" {rElec rF+ MP-9 Str+6}
 34846 | Swamp:4  | Reached skill level 5 in Polearms
 35058 | Swamp:4  | Got a decaying rune of Zot
 35188 | Snake:1  | Entered Level 1 of the Snake Pit
 35645 | Snake:1  | Reached skill level 5 in Alchemy
 35660 | Snake:1  | Gained mutation: Your spells are a little easier to cast,
                  | but a little less powerful. [mutagenic glow]
 36305 | Snake:1  | Noticed Jorgrun
 36321 | Snake:1  | Killed Jorgrun
 37604 | Snake:2  | Found Baolyilo's Weapon Emporium.
 37604 | Snake:2  | Found Becseps's General Store.
 37606 | Snake:2  | Found Icer's Weapon Shoppe.
 37610 | Snake:2  | Found Naolawav's Armour Emporium.
 37625 | Snake:2  | Bought a scroll of enchant weapon for 127 gold pieces
 38521 | Snake:3  | Reached XP level 18. HP: 216/219 MP: 34/42
 39060 | Snake:3  | Noticed Vashnia
 39914 | Snake:3  | Reached ***** piety under Ashenzari
 39916 | Snake:4  | Entered Level 4 of the Snake Pit
 39918 | Snake:4  | Noticed Bai Suzhen
 40104 | Snake:3  | Reached skill level 10 in Conjurations
 40190 | Snake:3  | Killed Vashnia
 40978 | Snake:4  | Killed Bai Suzhen
 41622 | Snake:4  | Found Cocleray's Antique Armour Shop.
 42190 | Snake:4  | Reached skill level 10 in Polearms
 43570 | Snake:4  | Got a serpentine rune of Zot
 43944 | Vaults:1 | Entered Level 1 of the Vaults
 44000 | Vaults:1 | Reached skill level 1 in Shields
 44531 | Vaults:1 | Reached XP level 19. HP: 165/231 MP: 36/44
 45571 | Vaults:1 | Reached skill level 5 in Shields
 45578 | Vaults:1 | Found Gorhi's Antique Armour Boutique.
 45929 | Vaults:1 | Reached skill level 19 in Spellcasting
 48624 | Vaults:2 | Reached skill level 20 in Spellcasting
 48788 | Vaults:2 | Noticed Margery
 48841 | Vaults:2 | Found a transporter.
 48842 | Vaults:2 | Found a shimmering blue altar of Sif Muna.
 48968 | Vaults:2 | Noticed an ancient lich
 49203 | Vaults:2 | Noticed Donald
 49225 | Vaults:2 | Killed Donald
 49715 | Vaults:2 | Reached XP level 20. HP: 240/240 MP: 39/47
 50340 | Vaults:2 | Found a staircase to the Crypt.
 52074 | Vaults:3 | Identified the +4 arbalest of Friendship {antimagic, rC+
                  | Str+3}
 52074 | Vaults:3 | Identified the +6 arbalest of the Middle {drain, Str-4
                  | Int+4}
 52087 | Vaults:3 | Identified the +10 arbalest of Fear {penet, Str+4}
 52254 | Vaults:3 | Reached skill level 21 in Spellcasting
 53211 | Vaults:3 | Noticed Xtahua
 53214 | Vaults:3 | Reached skill level 1 in Evocations
 54165 | Vaults:2 | Learned a level 4 spell: Olgreb's Toxic Radiance
 54386 | Vaults:2 | Reached XP level 21. HP: 233/249 MP: 45/49
 55180 | Vaults:4 | Identified the +1 broad axe of the Establishment {vamp,
                  | rPois rCorr}
 55702 | Vaults:4 | Identified the +9 dagger "Qese" {pain, rPois rN+ SInv}
 55848 | Vaults:4 | Noticed a dread lich
 56310 | Depths:1 | Entered Level 1 of the Depths
 57200 | Depths:1 | Found a runed translucent gate.
 57200 | Depths:1 | Found a runed translucent gate.
 57200 | Depths:1 | Found a runed translucent gate.
 57580 | Depths:1 | Found a gateway to Hell.
 57622 | Depths:1 | Found a corrupted altar of Lugonu.
 57622 | Depths:1 | Found a one-way gate to the infinite horrors of the Abyss.
 58158 | Depths:2 | Reached skill level 10 in Alchemy
 58213 | Depths:2 | Acquired the +1 hat of Niynec {Int+7 Slay+3}
 58825 | Depths:2 | Paralysed by a sphinx for 3 turns
 59242 | Depths:2 | Identified the staff of the Jolly Teeth {rPois rF+ rCorr
                  | SInv Air Alchemy}
 59355 | Depths:2 | Noticed a juggernaut
 59355 | Depths:2 | Identified the ring of Suspected Treachery {Str+4 Dex+6}
 59440 | Depths:2 | Killed a juggernaut
 59591 | Depths:2 | Identified the Atlas of Mortification and the Tropics
 59611 | Depths:2 | Learned a level 7 spell: Malign Gateway
 59620 | Depths:2 | Learned a level 8 spell: Summon Horrible Things
 59875 | Depths:2 | Reached skill level 1 in Translocations
 60381 | Depths:2 | Found a one-way gate leading to the halls of Pandemonium.
 60884 | Depths:2 | Found a one-way gateway to a ziggurat.
 61403 | Vaults:2 | Killed Margery
 62292 | Vaults:4 | Killed a dread lich
 62313 | Vaults:4 | Reached XP level 22. HP: 78/254 MP: 34/49
 63204 | D:10     | Killed Taul's ghost
 63665 | Zig:1    | Entered Level 1 of a ziggurat
 63752 | Zig:2    | Entered Level 2 of a ziggurat
 63752 | Zig:2    | Identified the +4 scale mail of Ihacuw {rElec Dex+2}
 63968 | Zig:3    | Entered Level 3 of a ziggurat
 64104 | Zig:4    | Entered Level 4 of a ziggurat
 64121 | Zig:4    | Reached skill level 5 in Translocations
 64301 | Zig:5    | Entered Level 5 of a ziggurat
 64324 | Zig:5    | Found the +3 greatsling "Punk" {acid, rCorr}
 64324 | Zig:5    | Identified the +4 chain mail of Starshine {Rampage *Corrode
                  | rElec Will++}
 64324 | Zig:5    | Identified the Compilation of Execration
 64886 | Depths:3 | Reached ****** piety under Ashenzari
 65463 | Depths:3 | Found a transporter.
 65466 | Depths:3 | Found a transporter.
 65466 | Depths:3 | Noticed Ubraesch's ghost (adept TrMo)
 67101 | Depths:3 | Reached skill level 15 in Summonings
 67203 | Depths:3 | HP: 10/230 [Tzitzimitl/bolt of negative energy[a doom
                  | hound] (5)]
 67206 | Depths:3 | Killed from afar by a Tzitzimitl

Illustrated notes

Levels and vault maps discovered:
D:1:      lemuel_arrival_rhombus, layout_basic, minmay_pentomino_x4
D:2:      layout_rooms, basic_altar, ebering_ecumenical_altar_sacrificial
D:3:      layout_rooms, cheibrodos_ashenzari_chains, kennysheep_orc_chapel,
          uniq_crazy_yiuf_cottage, uniq_grinder
D:4:      cheibrodos_barr_body, layout_gridville
D:5:      layout_loops_ring, nemelex_spade_bored_becter,
          hangedman_decor_clover_reticule
D:6:      layout_layer_cave, nicolae_overflow_macrodata_refinement,
          minmay_splitting_lines
D:7:      layout_loops_ring, tso_altar, minmay_temple_entry_sparse_star,
          nicolae_shop_sticking_my_neck_out
D:8:      lemuel_ice_spiral_2, layout_rooms
D:9:      layout_roguey, grunt_lair_entry_orc_guard_hut
D:10:     layout_basic, gammafunk_ghost_necromancy
D:11:     layout_roguey, david_orc_5, serial_shops, bzr_firewalk
D:12:     layout_roguey, serial_curves, eino_curves_03, eino_curves_02
D:13:     layout_loops_ring, lightli_vaults_fourway_checkpoint,
          gauntlet_entry_generic, roderic_batcave
D:14:     layout_stronghold, grunt_decor_cap, nicolae_shop_dragon_depot,
          st_stairs_3, minivault_1, nicolae_yredelemnul_corpse_copse
D:15:     gammafunk_depths_entry_grave, layout_cave_pools, serial_shops, shop,
          fedhas_altar_fruit_tree, ebering_ghost_disaster_area,
          regret_index_xom_buried_treasure, kiku_gazebo_garden_becter
Lair:1:   layout_roguey
Lair:2:   layout_chaotic_city, lemuel_fruit_tree, infiniplex_staircase_pool_2
Lair:3:   layout_cave_pods, alex1729_swamp_entry_worm_eleionoma,
          guppyfry_snake_entry_island, serial_bayou_shore_a, grunt_megastairs_1,
          uniq_gastronok
Lair:4:   layout_concentric_octagons, uniq_rupert, uniq_snorg
Lair:5:   minmay_lair_end_frog_pond, layout_long_grid, minmay_slime_entry_eyes
Swamp:1:  layout_basic_swamp, gammafunk_ghost_cemetery,
          nicolae_swamp_trees_clearing
Swamp:2:  layout_falls_marsh, gammafunk_ghost_cemetery, serial_swamp_ruin,
          evilmike_swamp_ruin_house_4, evilmike_swamp_ruin_house_2
Swamp:3:  layout_basic_swamp, nicolae_swamp_tree_designs,
          infiniplex_staircase_pool, uniq_roxanne
Swamp:4:  swamp_icy, layout_basic_swamp
Snake:1:  layout_gridlike, grunt_megastairs_2, uniq_jorgrun
Snake:2:  layout_rooms, minmay_shoptagon
Snake:3:  layout_cave_town, uniq_vashnia
Snake:4:  minmay_snake_end_coiled, layout_misc_corridors, serial_shops,
          nicolae_shop_trees, guppyfry_library_mini, uniq_bai_suzhen
Orc:1:    layout_caves, uniq_josephine
Orc:2:    grunt_orc_gardens, layout_caves, grunt_orc_garden, grunt_orc_garden,
          grunt_orc_garden, grunt_orc_garden
Vaults:1: nicolae_vaults_tetromino_T_2, vaults_mumra_hexcomb, v_misc_3,
          vaults_room_grid, nicolae_vaults_trapezoid_1,
          nicolae_vaults_stepped_doors, ontoclasm_vaults_twist,
          hangedman_vaults_slither, vaults_dpeg_cross,
          nicolae_vaults_double_plus_1, nicolae_vaults_weapon_check,
          vaults_dpeg_encased_lava, nicolae_vaults_sightless_eye,
          nicolae_vaults_double_plus_3, layout_vaults_omnigrid, serial_shops,
          nicolae_shop_pleasant_corner_grove
Vaults:2: hangedman_vaults_snaps, gammafunk_sealed_library,
          nicolae_vaults_prndl, nicolae_vaults_storage_closets_1,
          nicolae_vaults_network_square, nicolae_vaults_trapezoid_lopsided_4,
          nicolae_vaults_closet_pinwheel_5, nicolae_vaults_mini_display_case,
          nicolae_vaults_storage_closets_3, nicolae_vaults_rhombus_5,
          nicolae_vaults_double_plus_1, minmay_crypt_entry_simple_box,
          layout_vaults_omnicross, uniq_donald, uniq_margery
Vaults:3: nicolae_vaults_quartermaster, nicolae_vaults_yaktaur_gun_rack,
          nicolae_vaults_tangram_1, nicolae_vaults_closet_pinwheel_6,
          nicolae_vaults_trapezoid_lopsided_1, nicolae_vaults_frosty_reception,
          nicolae_vaults_alarming, hangedman_vaults_corner,
          nicolae_vaults_layer_cake_slice,
          serial_library_regret_index_small_wings,
          nicolae_vaults_more_shelving_1, layout_vaults_maze, uniq_xtahua
Vaults:4: vaults_room_large_hall, nicolae_vaults_windows_and_doors_thing,
          nicolae_vaults_tetromino_T_1, v_alt_pattern_1,
          nicolae_vaults_storage_room_statues, v_misc_14, st_cross,
          hangedman_vaults_stretched_pinwheel, layout_vaults_omnibox
Depths:1: layout_roguey, hell_entry, abyss_entry_flame_altar,
          serial_bayou_lagoon_a, pandoras_box_mu, infiniplex_staircase_pool_lava
Depths:2: minmay_the_grid_triangle_9x9_rhombus_full
          [minmay_the_grid_triangle_9x9_minimal,
          minmay_the_grid_triangle_9x9_cache,
          minmay_the_grid_triangle_9x9_zippers_horizontal,
          minmay_the_grid_triangle_9x9_odd_lines,
          minmay_the_grid_triangle_9x9_empty,
          minmay_the_grid_triangle_9x9_windchime,
          minmay_the_grid_triangle_9x9_zippers_vertical,
          minmay_the_grid_triangle_9x9_prize_center], layout_cave_pools,
          enter_ziggurat_e, pan_entry, kennysheep_big_empty_room,
          hangedman_tar_grid_catacomb
Depths:3: lemuel_vampire_tower, layout_honeycomb, pan_entry, hell_entry,
          abyss_entry_glasseish, gammafunk_ghost_arena, grunt_ministairs_6

Skill      XL: |  1  2  3  4  5  6  7  8  9 10 11 12 13 14 15 16 17 18 19 20 21 22 |
---------------+-------------------------------------------------------------------+-----
Summonings     | 4 5 6 7 8 10 11 12 13 15 | 15.0
Spellcasting   | 3 4 5 7 9 10 11 13 16 18 20 21 | 21.2
Fighting       | 2 5 6 10 13 18 19 20 | 20.2
Armour         | 2 4 6 8 |  8.4
Throwing       | 5 8 10 11 13 | 13.9
Conjurations   | 6 9 10 | 10.0
Polearms       | 2 7 11 | 11.9
Alchemy        | 2 6 9 10 | 10.4
Shields        | 2 8 |  8.9
Evocations     | 1 4 |  4.9
Translocations | 3 7 |  7.4
Dodging        | |  1.7
Stealth        | |  1.4

Action                     |  1- 3 |  4- 6 |  7- 9 | 10-12 | 13-15 | 16-18 | 19-21 | 22-24 || total
---------------------------+-------+-------+-------+-------+-------+-------+-------+-------++-------
  Melee: Unarmed           |    14 |       |       |       |       |       |       |       ||    14
         Headbutt          |     3 |     4 |    17 |    29 |    59 |    62 |   276 |    73 ||   523
         Dagger            |    36 |    14 |       |       |       |       |       |       ||    50
         Halberd           |       |     3 |   124 |   116 |   281 |    43 |       |       ||   567
         Trident           |       |       |       |       |       |   258 |  1010 |       ||  1268
         Demon trident     |       |       |       |       |       |       |    17 |   252 ||   269
         Staff             |       |       |       |       |       |       |       |     1 ||     1
  Throw: Large rock        |       |       |       |       |       |       |    91 |    69 ||   160
   Cast: Summon Small Mamm |    22 |     6 |       |       |       |     1 |       |       ||    29
         Call Imp          |    21 |    16 |    48 |     3 |       |     1 |     1 |       ||    90
         Call Canine Famil |     1 |     8 |    31 |     6 |    17 |    18 |     1 |     2 ||    84
         Summon Blazeheart |       |       |     1 |       |    12 |    33 |    44 |     6 ||    96
         Summon Cactus Gia |       |       |    11 |    67 |   126 |   202 |   206 |    47 ||   659
         Summon Lightning  |       |       |     3 |    46 |   125 |   201 |   129 |    16 ||   520
         Martyr's Knell    |       |       |       |       |    43 |   130 |   166 |    45 ||   384
         Stone Arrow       |       |       |       |       |       |    89 |    37 |       ||   126
         Irradiate         |       |       |       |       |       |     5 |    23 |     8 ||    36
         Olgreb's Toxic Ra |       |       |       |       |       |       |       |     1 ||     1
 Invoke: Curse Item        |       |       |       |     2 |     3 |     1 |     2 |     1 ||     9
         Shatter the Chain |       |       |       |       |       |       |     1 |       ||     1
  Evoke: Wand              |       |       |       |       |       |       |     2 |     1 ||     3
    Use: Scroll            |       |       |    19 |     7 |     8 |     4 |    21 |     6 ||    65
         Potion            |       |       |     1 |     1 |     5 |     7 |    30 |     6 ||    50
   Stab: Distracted        |       |     1 |     1 |     2 |     7 |     9 |    19 |     4 ||    43
         Sleeping          |       |       |     2 |       |       |       |       |       ||     2
 Armour: Robe              |    42 |    21 |    83 |       |       |       |       |       ||   146
         Acid dragon scale |       |       |     7 |   101 |   328 |       |       |       ||   436
         Pearl dragon scal |       |       |       |       |    51 |   784 |   786 |   238 ||  1859
  Dodge: Dodged            |    24 |    13 |    70 |   107 |   293 |   365 |   316 |    86 ||  1274
  Block: Other             |       |       |    14 |    36 |    28 |       |       |       ||    78
         Reflection        |       |       |       |     2 |       |       |       |       ||     2
         Kite shield       |       |       |       |       |       |    99 |   528 |   164 ||   791
